 Dungeon Crawl Stone Soup version 0.31-a0-1589-g8f5e8aebd6 (webtiles) character file.

Game seed: 14696426788214240360

215712 croobank the Spry (level 18, -1/102 HPs)
             Began as a Felid Summoner on Jan 5, 2024.
             Was a High Priest of Kikubaaqudgha.
             Killed by an exploding blazeheart core (31 damage)
             ... on level 4 of the Spider Nest on Jan 6, 2024.
             The game lasted 05:49:18 (56071 turns).

croobank the Spry (Felid Summoner)                 Turns: 56071, Time: 05:49:18

Health: -1/102     AC:  3    Str:  4    XL:     18   Next: 33%
Magic:  33/36      EV: 33    Int: 30    God:    Kikubaaqudgha [*****.]
Gold:   210        SH:  0    Dex: 20    Spells: 2/43 levels left
                                        Lives:  0   Deaths: 6

rFire   . . .        (weapon unavailable)
rCold   + . .        (shield unavailable)
rNeg    . . .        (body armour unavailable)
rPois   +            (helmet unavailable)
rElec   .            (cloak unavailable)
rCorr   .            (gloves unavailable)
SInv    +            (boots unavailable)
Will    ++...        (no amulet)
Stlth   +            G - ring of poison resistance
HPRegen 0.37/turn    C - +6 ring of intelligence
MPRegen 0.25/turn

%: no passive effects
@: confused, beast-form, death channelling, slowed, very slow
A: beast (slay +3), very small, claws 1, fangs 3, see invisible, shaggy fur 3,
stealthy paws, no weapons or thrown items, no armour, multi-lived
}: 1/15 runes: gossamer
a: Begin Untransformation, Renounce Religion, Unearth Wretches, Torment


You were on level 4 of the Spider Nest.
You worshipped Kikubaaqudgha.
Kikubaaqudgha was extremely pleased with you.
You were a hulking beast.
You visited 6 branches of the dungeon, and saw 31 of its levels.
You also visited: Ossuary and Ice Cave.

You collected 2731 gold pieces.
You spent 2521 gold pieces at shops.

Inventory:

Jewellery
 f - the ring of Peace {rC+ Will+ Str-2 Int+2}
   (You found it on level 5 of the Dungeon)

   [ring of protection from cold]

   Str-2:     It affects your strength (-2).
   Int+2:     It affects your intelligence (+2).
   rC+:       It protects you from cold.
   Will+:     It increases your willpower.
 j - a ring of positive energy
 r - a ring of ice
 u - the ring "Eduttoeq" {rCorr EV+5}
   (You found it on level 14 of the Dungeon)

   [ring of evasion]

   EV+5:      It affects your evasion (+5).
   rCorr:     It protects you from acid and corrosion.
 x - a ring of flight
 A - a ring of protection from cold
 C - a +6 ring of intelligence (right paw)
 D - a ring of protection from cold
 G - a ring of poison resistance (left paw)
 I - a ring of protection from fire
 J - a ring of positive energy
 K - a ring of fire
 L - a +6 ring of strength
 M - a ring of willpower
 N - an amulet of guardian spirit
 O - a +5 ring of evasion
 W - a +5 ring of evasion
 Y - a ring of ice
Talismans
 p - a beast talisman (active)
 H - a serpent talisman
 V - a dragon-blood talisman
Wands
 a - a wand of polymorph (10)
 b - a wand of iceblast (20)
 n - a wand of flame (52)
 y - a wand of mindburst (2)
 E - a wand of digging (1)
 F - a wand of paralysis (12)
Scrolls
 d - 2 scrolls of poison
 e - a scroll of immolation
 l - 7 scrolls of noise
 o - 10 scrolls of teleportation
 s - 3 scrolls of amnesia
 v - a scroll of vulnerability
 w - 11 scrolls of identify
 P - 2 scrolls of revelation
Potions
 c - a potion of heal wounds
 g - 5 potions of attraction
 i - a potion of curing
 k - 3 potions of mutation
 m - 4 potions of ambrosia
 z - 3 potions of magic
 B - 8 potions of enlightenment
 Q - 2 potions of lignification
 R - 2 potions of cancellation
 S - a potion of haste
 U - a potion of brilliance
Miscellaneous
 h - a lightning rod (4/4)
 q - a condenser vane
 t - a phantom mirror


   Skills:
 - Level 14.2 Fighting
 - Level 18.3 Dodging
 - Level 5.0 Stealth
 - Level 13.0 Spellcasting
 - Level 15.0 Summonings
 + Level 16.1 Necromancy
 - Level 5.0 Fire Magic
 - Level 6.6 Air Magic
 - Level 5.9 Shapeshifting


You had 2 spell levels left.
You knew the following spells:

 Your Spells              Type           Power      Damage    Failure   Level
a - Summon Small Mammal   Summ           100%       N/A       0%          1
b - Call Imp              Summ           100%       N/A       0%          2
c - Call Canine Familiar  Summ           83%        N/A       0%          3
d - Summon Blazeheart Go  Fire/Summ      68%        N/A       1%          4
e - Summon Lightning Spi  Summ/Air       71%        N/A       1%          4
A - Animate Dead          Necr           86%        N/A       1%          4
B - Blink                 Tloc           38%        N/A       3%          2
D - Death Channel         Necr           43%        N/A       1%          6
H - Haunt                 Necr/Summ      42%        N/A       3%          7
M - Martyr's Knell        Necr/Summ      85%        N/A       1%          4
N - Anguish               Hex/Necr       30%        N/A       1%          4

Your spell library contained the following spells:

 Spells                   Type           Power      Damage    Failure   Level
 Sublimation of Blood     Necr           86%        N/A       0%          2
 Foxfire                  Conj/Fire      100%       2x1d9     1%          1
 Cigotuvi's Dreadful Rot  Necr/Alch/Air  100%       N/A       1%          2
 Mercury Vapours          Alch/Air       78%        N/A       1%          2
 Freeze                   Ice            76%        1d8       2%          1
 Magic Dart               Conj           76%        1d6       2%          1
 Sandblast                Erth           38%        2d10      2%          1
 Sting                    Conj/Alch      76%        1d7       2%          1
 Ensorcelled Hibernation  Hex/Ice        38%        N/A       3%          2
 Lesser Beckoning         Tloc           38%        N/A       3%          2
 Momentum Strike          Conj/Tloc      38%        3d9       3%          2
 Searing Ray              Conj           38%        2d5       3%          2
 Fugue of the Fallen      Necr           86%        N/A       0%          3
 Vampiric Draining        Necr           86%        2d12      0%          3
 Curse of Agony           Necr           86%        N/A       1%          5
 Volatile Blastmotes      Fire/Tloc      68%        2d15      2%          3
 Mephitic Cloud           Conj/Alch/Air  32%        N/A       3%          3
 Vhi's Electric Charge    Tloc/Air       78%        N/A       7%          4
 Dazzling Flash           Conj/Hex       38%        N/A       8%          3
 Frozen Ramparts          Ice            38%        1d6       8%          3
 Gell's Gravitas          Tloc           19%        N/A       8%          3
 Hailstorm                Conj/Ice       19%        3d7       8%          3
 Ozocubu's Armour         Ice            19%        N/A       8%          3
 Passwall                 Erth           19%        N/A       8%          3
 Sigil of Binding         Hex            19%        N/A       8%          3
 Stone Arrow              Conj/Erth      38%        3d9       8%          3
 Teleport Other           Tloc           19%        N/A       8%          3
 Tukima's Dance           Hex            19%        N/A       8%          3
 Arcjolt                  Conj/Air       19%        1d29      19%         5
 Silence                  Hex/Air        19%        N/A       19%         5
 Borgnjor's Revivificati  Necr           43%        N/A       22%         8
 Infestation              Necr           43%        N/A       22%         8
 Brom's Barrelling Bould  Conj/Erth      19%        2d4       26%         4
 Cause Fear               Hex            9%         N/A       26%         4
 Fulminant Prism          Conj/Alch      9%         3d6       26%         4
 Iskenderun's Mystic Bla  Conj/Tloc      19%        2d6       26%         4
 Leda's Liquefaction      Alch/Erth      9%         N/A       26%         4
 Manifold Assault         Tloc           19%        N/A       26%         4
 Olgreb's Toxic Radiance  Alch           19%        N/A       26%         4
 Petrify                  Alch/Erth      19%        N/A       26%         4
 Plasma Beam              Fire/Air       26%        2x1d39    36%         6
 Metabolic Englaciation   Hex/Ice        9%         N/A       56%         5
 Starburst                Conj/Fire      17%        6d6       80%         6
 Death's Door             Necr           43%        N/A       98%         9
 Enfeeble                 Hex            9%         N/A       100%        7
 Maxwell's Capacitive Co  Air            28%        ∞         100%        8
 Dimensional Bullseye     Hex/Tloc       Unusable   N/A       N/A         4

Dungeon Overview and Level Annotations

Branches:
Dungeon (15/15)            Temple (1/1) D:6            Lair (5/5) D:10
 Shoals (4/4) Lair:3       Spider (4/4) Lair:3        Slime (0/5) Lair:5
    Orc (2/2) D:10            Elf (0/3) Orc:2        Vaults (0/5) D:13
 Depths (0/4) D:15        Ossuary (visited)           IceCv (visited)

Altars:
Ashenzari
Cheibriados
Dithmenos
Elyvilon
Fedhas
Gozag
Hepliaklqana
Kikubaaqudgha
Makhleb
Nemelex Xobeh
Okawaru
Qazlal
Ru
Sif Muna
Trog
Uskayaw
Vehumet
Wu Jian
Xom
Yredelemnul
Zin
The Shining One
Jiyva
Lugonu

Shops:
D:3 [   D:5 [   D:8 :   D:9 [*?   Orc:1 *   Orc:2 =[(*   Shoals:1 *
Shoals:2 (

Portals:
Abyss: Lair:5

Annotations:
D:6 Jeremiah
D:10 need digging
D:14 2 runed translucent doors
Shoals:1 2 transporters, exclusion: 2 downstairs, Ofeo's ghost, adept OnGl
Shoals:4 !javelineers at all entrances


Innate Abilities, Weirdness & Mutations

You are a hulking beast.
Your limbs bulge with bestial killing power. (Slay +3)
You have sharp claws.
You have razor-sharp teeth.
You have supernaturally acute eyesight. (SInv)
Your thick and shaggy fur keeps you warm. (AC +3, rC+)
Your paws help you pounce on unaware monsters.
You are incapable of wielding weapons or throwing items.
You cannot wear armour.
You gain extra lives every three experience levels.


Message History

Okay, then.
Okay, then.
Okay, then.
Okay, then.
Okay, then.
Okay, then.
Okay, then.
You feel much better.
The meliai completely misses your blazeheart core.
The meliai hits Bai Suzhen with a +0 hand axe.
The meliai hits your boulder beetle zombie but does no damage.
The meliai misses your blazeheart core.
The meliai completely misses your blazeheart core. x2
The meliai completely misses you.
The meliai completely misses your blazeheart core.
The meliai hits Bai Suzhen but does no damage.
The meliai hits your boulder beetle zombie but does no damage.
The meliai completely misses you.
The redback barely misses your blazeheart core.
The meliai completely misses your blazeheart core.
The meliai hits Bai Suzhen but does no damage.
The meliai hits your boulder beetle zombie but does no damage.
The meliai completely misses your blazeheart core. x3
The tarantella touches you!
The meliai invokes the aid of its god against you.
Something smites you!
* * * LOW HITPOINT WARNING * * *
The redback completely misses your blazeheart core.
Your blazeheart core explodes!
The fiery explosion engulfs the meliai!
The fiery explosion engulfs the tarantella!
The fiery explosion engulfs the meliai!!
You kill the meliai!
Kikubaaqudgha accepts your kill.
The fiery explosion engulfs the redback!!
You kill the redback!
Kikubaaqudgha accepts your kill. The fiery explosion engulfs you!!
You die...
Kikubaaqudgha rasps: "You have failed me!
Welcome... death!"

*y(..........................,
**............................,
*^............................,
***,............................,
,,,,y..................†.........
,,,,..........w..................
*,,,..........Zy○y...^....†......
*,,,..........Z☼☼○........†......
*,,,.........Z.sh................
*,,,.....##......................
*,,,....####.....................
***###.##.#####..................
##.###......#..................
#..........##..................
#......#.#.####................
#..#..######..##...[...........
#.##...###.....##..............


You could see a torpor snail, a tarantella (ally target), 2 meliai, a friendly
spectral moth of wrath (slow), a friendly boulder beetle zombie (slow) and the
friendly Bai Suzhen the storm dragon zombie (slow).

Vanquished Creatures
  A broodmother (Spider:4)
  A reaper (IceCv)
  A dire elephant (D:15)
  2 merfolk impalers (Shoals:4)
  4 hydras
  A merfolk avatar (Shoals:1)
  2 centaur warriors (D:14)
  A catoblepas (Lair:4)
  2 merfolk aquamancers
  4 boulder beetles
  5 death yaks
  2 two-headed ogres
  A demonic crawler (Spider:2)
  An orc high priest (Orc:2)
  A thrashing horror (Lair:5)
  2 pharaoh ants (Spider:3)
  A skyshark (Shoals:2)
  A sea snake (Shoals:3)
  A spark wasp zombie (Spider:2)
  Pikel (D:7)
  2 ugly thing zombies (D:14)
  An orc knight (Orc:2)
  4 wolf spiders
  14 ugly things
  A faun (Shoals:1)
  3 orc sorcerers (Orc:2)
  6 manticores
  3 meliai
  A moth of wrath (Spider:3)
  6 cyclopes
  An ice statue (IceCv)
  3 merfolk sirens
  4 black mambas
  2 elephants
  2 water nymphs
  4 cane toads
  A torpor snail (Lair:3)
  An orange demon (Lair:2)
  A merfolk zombie (Shoals:4)
  2 unseen horrors
  A kobold demonologist (D:11)
  A freezing wraith (D:15)
  2 hydra zombies
  2 ice devils (IceCv)
  A demonic crawler zombie (Spider:3)
  5 tarantellas
  2 merfolk (Shoals:4)
  A queen bee (Spider:2)
  4 trolls
  2 nameless horrors
  3 raiju (Lair:5)
  A tarantella zombie (Spider:3)
  5 blink frogs
  2 jumping spider zombies (Spider:2)
  A meliai zombie (Spider:2)
  3 snapping turtles
  5 culicivoras (Spider:2)
  4 water elementals
  2 jumping spiders (Spider:2)
  3 small abominations (Lair:5)
  3 wyverns
  A slime creature (D:15)
  A wraith (D:11)
  27 yaks
  7 basilisks
  5 vampire mosquitoes
  2 redbacks
  A warg (Orc:2)
  A two-headed ogre zombie (Orc:2)
  2 hydra simulacra (IceCv)
  A harpy simulacrum (IceCv)
  A cane toad zombie (Lair:5)
  5 water moccasins
  11 orc warriors
  3 ogres
  4 wolves
  2 elephant zombies (Lair:5)
  2 centaurs (D:13)
  2 lemures (D:7)
  2 kobold brigands
  2 kobold zombies
  3 bullfrogs
  A cyclops zombie (D:13)
  A yaktaur zombie (D:15)
  A two-headed ogre simulacrum (IceCv)
  5 wights
  A cane toad simulacrum (IceCv)
  An elephant simulacrum (IceCv)
  5 killer bees (Spider:2)
  2 yak zombies (Lair:4)
  A troll zombie (D:13)
  2 electric eels
  2 centaur zombies (D:13)
  3 orc priests
  A basilisk zombie (Lair:4)
  A scorpion zombie (Ossuary)
  6 orc wizards
  A spriggan simulacrum (IceCv)
  4 troll simulacra (IceCv)
  2 wolf simulacra (IceCv)
  A hound skeleton (D:5)
  3 naga simulacra (IceCv)
  5 orc zombies
  3 white imps (IceCv)
  An ufetubus (D:5)
  A dart slug (D:1)
  13 orcs
  2 endoplasms (D:2)
  A giant cockroach (D:2)
  6 goblins
  2 hobgoblins
  2 ball pythons
  A bat (D:1)
  A goblin zombie (D:13)
  2 rats
319 creatures vanquished.

Vanquished Creatures (collateral kills)
  Jorgrun (D:13)
  Gastronok (Lair:3)
  A ghost moth (Spider:1)
  3 emperor scorpions
  A broodmother (Spider:1)
  An ironbound preserver (D:13)
  5 spark wasps
  7 merfolk impalers
  2 merfolk javelineers (Shoals:4)
  4 entropy weavers
  4 hydras
  Erolcha (D:11)
  2 merfolk aquamancers
  10 centaur warriors
  2 alligator snapping turtles
  An ogre mage (D:14)
  A jorogumo (Spider:4)
  8 boulder beetles
  2 merfolk avatars
  2 catoblepae (Lair:5)
  Erica (Orc:1)
  4 radroaches (Spider:4)
  A two-headed ogre (D:11)
  A death knight (D:15)
  2 satyrs
  2 death yaks (Lair:2)
  4 demonic crawlers
  A tengu warrior (D:15)
  3 thrashing horrors (Lair:5)
  Amaemon (Lair:2)
  Urug (D:11)
  5 skysharks
  A fire crab (shapeshifter) (D:14)
  A skeletal warrior (D:14)
  10 pharaoh ants
  6 orb spiders
  7 sea snakes
  7 nameless horrors
  A large abomination (Lair:5)
  2 sun moths
  An arcanist (D:14)
  3 orc knights (Orc:2)
  6 deep elf pyromancers
  9 harpies
  9 fauns
  4 steelbarb worms
  16 wolf spiders
  10 ugly things
  14 manticores
  2 orc sorcerers (Orc:2)
  A moth of wrath (Spider:4)
  A salamander (D:15)
  3 cyclopes
  8 meliai
  5 kobold blastminers
  4 elephants (Lair:5)
  5 merfolk sirens
  10 water nymphs
  A smoke demon (Lair:5)
  12 cane toads
  3 black mambas
  4 torpor snails
  2 kobold demonologists
  4 rime drakes
  A freezing wraith (D:15)
  A yaktaur (D:15)
  An efreet (D:13)
  7 komodo dragons
  A tengu conjurer (D:14)
  25 merfolk
  11 wind drakes
  6 trolls
  13 blink frogs
  2 polar bears
  15 tarantellas
  3 dream sheep (Shoals:1)
  8 snapping turtles
  3 air elementals (Shoals:4)
  18 culicivoras
  3 slime creatures (D:12)
  22 jumping spiders
  A shadow (D:13)
  2 centaur simulacra (D:11)
  A spriggan (Lair:5)
  3 wraiths
  7 small abominations (Lair:5)
  A vampire (D:11)
  12 water elementals
  37 yaks
  2 yaks (shapeshifter)
  4 wyverns
  11 basilisks
  Grum (D:10)
  4 ynoxinuls (Lair:5)
  39 redbacks
  3 steam dragons
  8 vampire mosquitoes
  A chaos spawn (Lair:5)
  A death yak simulacrum (IceCv)
  2 acid dragons
  13 water moccasins
  18 orc warriors
  2 ice beasts
  2 black bears
  3 laughing skulls
  A crocodile (shapeshifter) (D:15)
  14 wolves
  5 ogres
  A boggart (D:14)
  14 centaurs
  5 kobold brigands
  9 bullfrogs
  10 scorpions (Ossuary)
  A gnoll sergeant (D:10)
  2 two-headed ogre simulacra
  7 wights
  6 killer bees (Spider:2)
  An elephant simulacrum (IceCv)
  7 howler monkeys
  A hound (D:5)
  2 human zombies (Ossuary)
  2 jellies
  15 orc priests
  A sleepcap (D:6)
  3 iguanas (D:5)
  4 scorpion zombies
  20 orc wizards
  8 hell rats (Lair:5)
  3 spriggan simulacra (IceCv)
  3 troll simulacra
  A wolf simulacrum (IceCv)
  2 polar bear simulacra (IceCv)
  A hound skeleton (D:5)
  3 mummies (Ossuary)
  5 gnolls (D:10)
  Robin (D:4)
  A howler monkey skeleton (D:5)
  6 adders
  9 naga simulacra
  A shadow imp (D:6)
  5 white imps
  3 ufetubi
  4 adder zombies
  An adder skeleton (D:5)
  A dart slug (D:3)
  55 orcs
  6 bats
  3 endoplasms
  2 giant cockroaches
  3 gnoll zombies (Ossuary)
  9 goblins
  5 hobgoblins
  3 quokkas
  2 ball pythons
  A ball python zombie (Ossuary)
  3 frilled lizards (D:1)
  2 jackal zombies (Ossuary)
  24 kobolds
  4 orc zombies
  A butterfly (Lair:5)
887 creatures vanquished.

Vanquished Creatures (others)
  Bai Suzhen (Spider:4)
  Saint Roka (Orc:2)
  An emperor scorpion (Spider:4)
  A merfolk impaler (Shoals:4)
  2 entropy weavers (Spider:4)
  An alligator snapping turtle (Shoals:4)
  A merfolk aquamancer (Shoals:3)
  A two-headed ogre (D:15)
  A death yak (Lair:5)
  2 emperor scorpion zombies (Spider:4)
  5 wolf spider zombies
  2 steelbarb worms (Spider:4)
  2 broodmother zombies
  A manticore (Shoals:3)
  12 ugly thing zombies
  An elephant (Lair:4)
  A black mamba (Lair:4)
  7 centaur zombies
  A kobold blastminer (Orc:2)
  2 water nymphs (Shoals:4)
  2 orb spider zombies
  2 death yak zombies
  A komodo dragon (Lair:4)
  A steelbarb worm zombie (Spider:3)
  A human zombie (D:13)
  20 redback zombies
  2 sea snake zombies
  A hydra zombie (D:13)
  4 harpy zombies (Shoals:2)
  A merfolk (Shoals:3)
  6 tarantella zombies
  3 culicivora zombies
  A boulder beetle zombie (Spider:4)
  2 meliai zombies
  7 jumping spider zombies
  A radroach zombie (Spider:4)
  4 black mamba zombies
  A yak (Lair:4)
  2 wind drake zombies
  A slime creature zombie (D:15)
  A wyvern (Lair:4)
  A basilisk (Lair:5)
  A warg (Orc:1)
  4 skyshark zombies
  A faun zombie (Shoals:1)
  17 merfolk zombies
  A two-headed ogre zombie (D:15)
  7 water nymph zombies
  2 cane toad zombies
  3 entropy weaver zombies (Spider:4)
  5 water moccasins
  7 manticore zombies
  3 elephant zombies
  5 orc warriors
  An elf zombie (D:14)
  2 blink frog zombies (Lair:5)
  A snapping turtle zombie (Shoals:4)
  A torpor snail zombie (Spider:4)
  A kobold zombie (Orc:2)
  A kobold brigand (D:13)
  2 cyclops zombies
  2 bullfrogs
  2 warg zombies
  A wyvern zombie (Lair:4)
  8 water moccasin zombies
  A spriggan zombie (Lair:5)
  A tengu zombie (D:14)
  10 yak zombies
  A wolf zombie (Lair:5)
  3 bullfrog zombies
  8 basilisk zombies
  2 orc wizards
  3 killer bee zombies (Spider:2)
  A crocodile zombie (D:15)
  5 ogre zombies
  8 hell rat zombies (Lair:5)
  2 orcs (Orc:2)
  28 orc zombies
  127 blazeheart cores
389 creatures vanquished.

Grand Total: 1595 creatures vanquished

Notes
Turn   | Place    | Note
-------+----------+-------------------------------------------
     0 | D:1      | croobank the Felid Summoner began the quest for the Orb.
     0 | D:1      | Reached XP level 1. HP: 9/9 MP: 4/4
   146 | D:1      | Reached skill level 3 in Dodging
   153 | D:1      | Reached XP level 2. HP: 7/13 MP: 3/6
   156 | D:1      | Learned a level 2 spell: Call Imp
   903 | D:2      | Reached XP level 3. HP: 16/16 MP: 2/7
  1328 | D:2      | Learned a level 3 spell: Call Canine Familiar
  1903 | D:3      | Reached XP level 4. HP: 18/21 MP: 3/8
  1903 | D:3      | Gained a life (2 lives remaining)
  2132 | D:3      | Found a broken altar of Ashenzari.
  2141 | D:3      | Found Yrghent's Armour Shop.
  2401 | D:3      | Found a faded altar of an unknown god.
  2835 | D:4      | Reached skill level 1 in Fighting
  2954 | D:4      | Noticed Robin
  2971 | D:4      | Reached skill level 4 in Dodging
  3058 | D:4      | Killed Robin
  3059 | D:4      | Reached XP level 5. HP: 15/25 MP: 4/10
  3789 | D:5      | Entered Level 5 of the Dungeon
  3789 | D:5      | Found Veiboil's Antique Armour Shop.
  3821 | D:5      | Identified the ring of Peace {rC+ Will+ Str-2 Int+2}
  3826 | D:5      | Reached skill level 5 in Summonings
  3826 | D:5      | Gained mutation: You are covered in thick fur. (AC +2)
                  | [Felid growth]
  3826 | D:5      | Reached XP level 6. HP: 29/30 MP: 4/11
  3996 | D:5      | Reached skill level 5 in Stealth
  4134 | D:5      | Reached skill level 5 in Dodging
  4138 | D:5      | Found a sand-covered staircase.
  4177 | Ossuary  | Entered an ossuary
  4209 | Ossuary  | Reached XP level 7. HP: 35/35 MP: 6/13
  4540 | Ossuary  | Reached skill level 6 in Dodging
  4700 | Ossuary  | Reached XP level 8. HP: 42/42 MP: 8/15
  4768 | Ossuary  | Learned a level 4 spell: Summon Blazeheart Golem
  5211 | D:5      | Reached skill level 7 in Dodging
  5211 | D:5      | Reached skill level 1 in Fire Magic
  5222 | D:5      | Reached skill level 5 in Spellcasting
  5504 | D:6      | Noticed Jeremiah
  5617 | D:6      | Found a staircase to the Ecumenical Temple.
  5627 | Temple   | Entered the Ecumenical Temple
  5635 | Temple   | Became a worshipper of Kikubaaqudgha
  5776 | D:6      | Reached skill level 1 in Necromancy
  5782 | D:6      | Noticed a nameless horror
  5797 | D:6      | Killed a nameless horror
  6169 | D:6      | Reached XP level 9. HP: 46/46 MP: 11/17
  6936 | D:7      | Identified the +2 flail "Acarineslayer" {venom, rPois Will+
                  | Dex+2}
  6996 | D:7      | Reached skill level 5 in Fighting
  7418 | D:7      | Noticed Pikel
  7428 | D:7      | Killed Pikel
  7429 | D:7      | Reached skill level 8 in Dodging
  7434 | D:7      | Learned a level 4 spell: Summon Lightning Spire
  7679 | D:7      | Found a faded altar of an unknown god.
  7679 | D:7      | Found a faded altar of an unknown god.
  7686 | D:7      | Found a glowing golden altar of the Shining One.
  7688 | D:7      | Found a hide-covered altar of Uskayaw.
  7690 | D:7      | Found a radiant altar of Vehumet.
  8143 | D:8      | Reached * piety under Kikubaaqudgha
  8143 | D:8      | Received a gift from Kikubaaqudgha
  8442 | D:8      | Reached skill level 1 in Air Magic
  8863 | D:8      | Found Ypeem's Book Emporium.
  9148 | D:8      | Reached XP level 10. HP: 50/53 MP: 7/20
  9800 | D:9      | Reached ** piety under Kikubaaqudgha
 10324 | D:9      | Reached skill level 5 in Necromancy
 10979 | D:9      | Found Qirafuoz's Magic Scroll Shop.
 10981 | D:9      | Found Ozogaquv's Assorted Antiques.
 10981 | D:9      | Found Gefy's Armour Shop.
 10990 | D:9      | Bought a scroll of teleportation for 87 gold pieces
 10990 | D:9      | Bought a sapphire ring for 145 gold pieces
 11083 | D:8      | Reached skill level 9 in Dodging
 11343 | D:10     | Entered Level 10 of the Dungeon
 11365 | D:10     | Found a staircase to the Orcish Mines.
 11709 | D:10     | Noticed Grum
 11717 | D:10     | Killed Grum
 11848 | D:10     | Found a staircase to the Lair.
 12067 | D:10     | Reached *** piety under Kikubaaqudgha
 12067 | D:10     | Received a gift from Kikubaaqudgha
 12073 | D:10     | Learned a level 4 spell: Martyr's Knell
 12474 | D:11     | Noticed Urug
 12490 | D:11     | Killed Urug
 12491 | D:11     | Reached XP level 11. HP: 58/58 MP: 5/22
 12585 | D:11     | Found a frozen archway.
 12614 | IceCv    | Entered an ice cave
 12628 | IceCv    | Reached skill level 10 in Dodging
 12950 | IceCv    | Reached skill level 5 in Fire Magic
 13182 | IceCv    | Reached **** piety under Kikubaaqudgha
 13707 | IceCv    | Noticed a reaper
 13710 | IceCv    | Killed a reaper
 13952 | IceCv    | Found the +2 cloak of the Thief {*Fog Slay-2 SInv Stlth+}
 14076 | D:11     | Noticed a sixfirhy
 14078 | D:11     | Noticed a soul eater
 14098 | D:11     | Noticed Erolcha
 14110 | D:11     | Killed Erolcha
 14193 | D:11     | Noticed a two-headed ogre
 14200 | D:11     | Killed a two-headed ogre
 14201 | D:11     | Reached skill level 11 in Dodging
 14522 | D:11     | Reached skill level 5 in Air Magic
 15409 | D:12     | Noticed a two-headed ogre
 15416 | D:12     | Killed a two-headed ogre
 15417 | D:12     | Gained mutation: Your thick and shaggy fur keeps you warm.
                  | (AC +3, rC+) [Felid growth]
 15417 | D:12     | Reached XP level 12. HP: 64/64 MP: 16/24
 15654 | D:12     | Noticed a boulder beetle
 15664 | D:12     | Killed a boulder beetle
 16122 | D:12     | Noticed a boulder beetle
 16131 | D:12     | Noticed a boulder beetle
 16134 | D:12     | Killed a boulder beetle
 16138 | D:12     | Killed a boulder beetle
 16139 | D:12     | Reached skill level 12 in Dodging
 16150 | D:12     | Noticed a centaur warrior
 16155 | D:12     | Shot with an arrow by a centaur warrior
 16155 | D:12     | Lost a life (1 life remaining)
 16212 | Lair:1   | Entered Level 1 of the Lair of Beasts
 16505 | Lair:1   | Reached skill level 10 in Summonings
 17723 | Lair:2   | Reached skill level 1 in Shapeshifting
 18116 | D:8      | Bought a book of Death for 660 gold pieces
 18124 | D:8      | Learned a level 7 spell: Haunt
 18563 | Lair:2   | Noticed a death yak
 18565 | Lair:2   | Noticed a death yak
 18566 | Lair:2   | Noticed a death yak
 18566 | Lair:2   | Noticed a death yak
 18567 | Lair:2   | Noticed a death yak
 18567 | Lair:2   | Noticed a death yak
 18583 | Lair:2   | Killed a death yak
 18583 | Lair:2   | Killed a death yak
 18584 | Lair:2   | Reached XP level 13. HP: 70/70 MP: 6/27
 18584 | Lair:2   | Gained a life (2 lives remaining)
 18903 | Lair:2   | Reached skill level 13 in Dodging
 18985 | Lair:2   | Noticed Amaemon
 19002 | Lair:2   | Killed Amaemon
 19458 | Lair:2   | Reached ***** piety under Kikubaaqudgha
 19695 | Lair:2   | Learned a level 4 spell: Animate Dead
 19710 | Lair:3   | Noticed Gastronok
 19726 | Lair:3   | Killed Gastronok
 20136 | Lair:3   | Found a hole to the Spider Nest.
 20313 | Lair:3   | Found a staircase to the Shoals.
 20911 | Lair:3   | Reached skill level 10 in Fighting
 22516 | Lair:4   | Reached XP level 14. HP: 77/77 MP: 24/28
 22870 | Lair:5   | Entered Level 5 of the Lair of Beasts
 23572 | Lair:5   | Found a viscous altar of Jiyva.
 23574 | Lair:5   | Found a staircase to the Slime Pits.
 24239 | Lair:5   | Reached skill level 14 in Dodging
 24653 | Lair:5   | Reached skill level 10 in Spellcasting
 25322 | Lair:5   | Found the +5 glaive of the Guard {elec, spectral}
 26646 | Lair:5   | Found a corrupted altar of Lugonu.
 26646 | Lair:5   | Found a one-way gate to the infinite horrors of the Abyss.
 27343 | Orc:1    | Entered Level 1 of the Orcish Mines
 27349 | Orc:1    | Noticed Erica
 27367 | Orc:1    | Killed Erica
 27368 | Orc:1    | Reached skill level 10 in Necromancy
 27540 | Orc:2    | Entered Level 2 of the Orcish Mines
 27559 | Orc:2    | HP: 1/77 [orc priest/divine providence (9)]
 27599 | Orc:2    | Slain by an orc knight
 27599 | Orc:2    | Lost a life (1 life remaining)
 28753 | Orc:2    | Noticed Saint Roka
 28766 | Orc:2    | Engulfed by a cloud of flame
 28766 | Orc:2    | Lost a life (0 lives remaining)
 29201 | Orc:1    | Found Juhen's General Store.
 29305 | Orc:1    | Bought a scroll of blinking for 120 gold pieces
 30446 | D:13     | Reached XP level 15. HP: 78/80 MP: 7/30
 30446 | D:13     | Gained a life (1 life remaining)
 30557 | D:13     | Reached skill level 15 in Dodging
 30829 | D:13     | Noticed Jorgrun
 30838 | D:13     | Killed Jorgrun
 31241 | D:13     | Found a gate to the Vaults.
 32288 | D:8      | Bought a book of Hexes for 540 gold pieces
 32288 | D:8      | Bought a book of Spatial Translocations for 270 gold pieces
 32293 | D:8      | Learned a level 4 spell: Anguish
 32296 | D:8      | Learned a level 2 spell: Blink
 32451 | Orc:2    | Killed from afar by Saint Roka
 32451 | Orc:2    | Lost a life (0 lives remaining)
 32477 | Orc:2    | Killed Saint Roka
 32701 | Orc:2    | Found a staircase to the Elven Halls.
 33252 | Orc:2    | Found Ocsotse's General Store.
 33310 | Orc:2    | Bought a wand of iceblast (4) for 153 gold pieces
 33328 | Orc:2    | Found Nenuluv's Antique Weapon Shop.
 33604 | Orc:2    | Found Fastodu's Jewellery Shop.
 33619 | Orc:2    | Found Optaf's Antique Armour Shop.
 35614 | D:14     | Found a runed translucent door.
 35615 | D:14     | Found a runed translucent door.
 35694 | D:14     | Identified the ring "Eduttoeq" {rCorr EV+5}
 36220 | D:14     | Found a burning altar of Makhleb.
 36374 | D:15     | Entered Level 15 of the Dungeon
 37169 | D:15     | Reached XP level 16. HP: 60/88 MP: 16/32
 37169 | D:15     | Gained a life (1 life remaining)
 37834 | D:15     | Identified the +7 trident "Losiso Vicad" {flame, rElec
                  | Will- Str+8}
 37854 | D:15     | Found a staircase to the Depths.
 39020 | D:10     | Identified the +2 robe of Levity {Str+5 Int-5}
 39188 | D:9      | Bought a scroll of fog for 68 gold pieces
 39188 | D:9      | Bought a scroll of immolation for 68 gold pieces
 39188 | D:9      | Bought a scroll of revelation for 127 gold pieces
 39188 | D:9      | Bought a scroll of identify for 34 gold pieces
 39356 | Spider:1 | Entered Level 1 of the Spider Nest
 40157 | Spider:1 | Reached skill level 16 in Dodging
 41553 | Orc:1    | Bought a potion of curing for 48 gold pieces
 43386 | Spider:2 | Succumbed to a wolf spider's poison
 43386 | Spider:2 | Lost a life (0 lives remaining)
 43562 | Spider:2 | Reached skill level 15 in Summonings
 45213 | Spider:3 | Reached ****** piety under Kikubaaqudgha
 46394 | Spider:4 | Entered Level 4 of the Spider Nest
 46509 | Spider:4 | Reached skill level 17 in Dodging
 46509 | Spider:4 | Reached XP level 17. HP: 75/95 MP: 13/34
 46509 | Spider:4 | Gained a life (1 life remaining)
 46542 | Spider:4 | Noticed Bai Suzhen
 46546 | Spider:4 | Received a gift from Kikubaaqudgha (forbidden knowledge)
 46772 | Shoals:1 | Entered Level 1 of the Shoals
 46805 | Shoals:1 | Found a transporter.
 47113 | Shoals:1 | Noticed Ofeo's ghost (adept OnGl)
 47361 | Shoals:1 | Found Foaguah's Island Escapes.
 47380 | Shoals:1 | Bought a potion of invisibility for 104 gold pieces
 47380 | Shoals:1 | Bought a scroll of blinking for 97 gold pieces
 47887 | Shoals:1 | Found a transporter.
 48717 | Shoals:2 | Found Lom Omo's Antique Weapon Shoppe.
 50653 | Shoals:3 | Identified the +3 quarterstaff "Rowup" {flame, rN+ Int+4}
 50781 | Shoals:3 | Reached skill level 5 in Shapeshifting
 51403 | Shoals:4 | Entered Level 4 of the Shoals
 51403 | Shoals:4 | Found a stormy altar of Qazlal.
 51460 | Shoals:4 | Paralysed by an air elemental for 1 turns
 51761 | Shoals:4 | Paralysed by an air elemental for 1 turns
 52351 | Shoals:4 | Reached skill level 18 in Dodging
 52407 | Shoals:4 | HP: 4/96 [merfolk/+0 trident (6)]
 52915 | Shoals:4 | HP: 3/97 [wind drake/the air (25)]
 53522 | Shoals:4 | Hit by a silver javelin thrown by a merfolk javelineer
 53522 | Shoals:4 | Lost a life (0 lives remaining)
 55315 | Shoals:3 | Learned a level 6 spell: Death Channel
 55547 | Spider:4 | Reached XP level 18. HP: 102/102 MP: 19/36
 55573 | Spider:4 | Killed Bai Suzhen
 55633 | Spider:4 | Reached skill level 15 in Necromancy
 55763 | Spider:4 | Identified the +3 pair of boots of Decompression {Fly rN+
                  | Int-3}
 55773 | Spider:4 | Identified the +0 pair of boots of the Buccaneer {rN+++
                  | Int+3 Dex+2 Slay-5}
 55775 | Spider:4 | Got a gossamer rune of Zot
 56071 | Spider:4 | Killed by an exploding blazeheart core

Illustrated notes

Levels and vault maps discovered:
D:1:      grunt_arrival_lava_bath, layout_basic, hangedman_decor_opposing,
          amcnicky_mini_rare_corridor_liquid
D:2:      layout_basic, nicolae_concentric_dashed_squares_wild, st_stairs_7
D:3:      layout_loops_ring, ashenzari_altar_1, serial_shops, shop,
          hellmonk_ecumenical_altar_zigzags
D:4:      layout_basic, serial_library, serial_library_hellmonk_small_alcove,
          serial_library_hellmonk_reading_circle,
          serial_library_hellmonk_room_c,
          serial_library_regret_index_split_case,
          serial_library_hellmonk_angled_corner, serial_library_hellmonk_u_bend,
          serial_library_hellmonk_recessed_alcove,
          serial_library_hellmonk_narrow_alcove,
          serial_library_regret_index_small_wings,
          serial_library_hellmonk_h_bend, serial_library_hellmonk_secret_room,
          uniq_robin
D:5:      layout_rooms, mainiacjoe_ossuary_entry_find_the_door, serial_shops,
          nicolae_shop_advertising_works [nicolae_subvault_shop_adworks]
D:6:      layout_loops_ring, minmay_temple_entry_drinking_statues, uniq_jeremiah
D:7:      layout_loops_corners, chequers_temple_overflow_minitemple,
          minmay_unpleasant_kobolds, uniq_pikel
D:8:      layout_loops_corners, serial_shops, nicolae_book_shop_shelving,
          kennysheep_pointless_box
D:9:      layout_roguey, nicolae_shop_distant_corner_stores
D:10:     layout_cave_pools, david_lair_generic, minmay_orc_entry_temple_large,
          minivault_21, corner_web_ring, uniq_grum
D:11:     layout_gridville, serial_ice, serial_ice_m, serial_ice_o,
          serial_ice_k, serial_ice_d, portal_ice_cave_entry_ice_simulacra,
          minivault_24, uniq_erolcha, uniq_urug
D:12:     layout_long_grid
D:13:     layout_basic, skrybe_vaults_entry_preservation, uniq_jorgrun
D:14:     minmay_the_grid_triangle_9x9_line_8_mashed
          [minmay_the_grid_triangle_9x9_flanged_cone,
          minmay_the_grid_triangle_9x9_sprig,
          minmay_the_grid_triangle_9x9_tough_junction,
          minmay_the_grid_triangle_9x9_negative_grid,
          minmay_the_grid_triangle_9x9_warning,
          minmay_the_grid_triangle_9x9_stretched_checkered,
          minmay_the_grid_triangle_9x9_zippers_vertical,
          minmay_the_grid_triangle_9x9_prize_center], layout_basic,
          lemuel_coloured_pillars_altar
D:15:     hangedman_depths_entry_try_elsewhere_first, layout_basic, minivault_12
Temple:   nicolae_temple_two_arcs
Lair:1:   layout_layer_cave, chequers_serial_rivers_micro_e,
          serial_bayou_crossing
Lair:2:   layout_roguey, infiniplex_staircase_pool, uniq_amaemon
Lair:3:   layout_gridlike, minmay_shoals_entry_beasts, spider_nest_entry_rubble,
          nicolae_lair_lil_pond, serial_bayou_shore_b, uniq_gastronok
Lair:4:   layout_gridlike, kennysheep_basilisk_garden, grunt_megastairs_4
Lair:5:   hellmonk_lair_end_abyssal_woods, layout_cave_pods, slime_entry_1,
          lemuel_fruit_fields
Shoals:1: layout_shoals, gammafunk_ghost_berserking_beasts,
          nicolae_island_escapes
Shoals:2: layout_shoals, nicolae_stop_n_shop_1
Shoals:3: layout_shoals
Shoals:4: shoals_end_hellmonk_storm_palace [storm_palace_center_circular,
          storm_palace_corner_grid, storm_palace_corner_reverse_hut,
          storm_palace_corner_altar, storm_palace_corner_grid]
Spider:1: layout_chambers, hangedman_spider_tarantella_strand
Spider:2: layout_spider_delve, nicolae_looking_at_the_future
Spider:3: layout_spider_delve
Spider:4: hellmonk_spider_rune_bug_friends, uniq_bai_suzhen
Orc:1:    layout_caves, serial_shops, shop, uniq_erica
Orc:2:    grunt_orc_cross, layout_caves, nicolae_orc_rockfall

Skill      XL: |  1  2  3  4  5  6  7  8  9 10 11 12 13 14 15 16 17 18 |
---------------+-------------------------------------------------------+-----
Stealth        | 3 4 5 |  5.0
Dodging        | 3 4 5 6 7 8 9 11 12 13 14 15 17 18 | 18.3
Fighting       | 1 2 3 4 5 6 8 9 10 11 12 13 14 | 14.2
Spellcasting   | 3 4 5 6 7 9 10 11 12 13 | 13.0
Summonings     | 5 6 7 8 9 10 11 13 15 | 15.0
Fire Magic     | 2 3 4 5 |  5.0
Necromancy     | 2 4 6 8 10 12 13 14 16 | 16.1
Air Magic      | 1 3 5 6 |  6.6
Shapeshifting  | 1 3 5 |  5.9

Action                     |  1- 3 |  4- 6 |  7- 9 | 10-12 | 13-15 | 16-18 || total
---------------------------+-------+-------+-------+-------+-------+-------++-------
  Melee: Unarmed           |    29 |    38 |    97 |    59 |   209 |   107 ||   539
         Bite              |       |     5 |    13 |    16 |    44 |    17 ||    95
         Punch             |       |     1 |       |     1 |     3 |     2 ||     7
   Cast: Summon Small Mamm |    34 |    26 |    43 |    55 |    85 |    36 ||   279
         Call Imp          |    11 |    16 |    30 |    42 |    57 |    29 ||   185
         Call Canine Famil |     2 |    14 |    23 |    30 |    48 |    32 ||   149
         Summon Blazeheart |       |       |    22 |    61 |   101 |    56 ||   240
         Summon Lightning  |       |       |     4 |    52 |   111 |    70 ||   237
         Martyr's Knell    |       |       |       |    26 |    17 |    11 ||    54
         Animate Dead      |       |       |       |       |    50 |    42 ||    92
         Haunt             |       |       |       |       |    32 |   133 ||   165
         Anguish           |       |       |       |       |     3 |     9 ||    12
         Blink             |       |       |       |       |       |     6 ||     6
         Death Channel     |       |       |       |       |       |     6 ||     6
 Invoke: Unearth Wretches  |       |       |       |     1 |    23 |     9 ||    33
         Torment           |       |       |       |       |       |     1 ||     1
         Receive Forbidden |       |       |       |       |       |     1 ||     1
  Evoke: Wand              |       |       |     1 |     1 |    28 |    37 ||    67
         Phantom mirror    |       |       |       |       |     1 |       ||     1
         Lightning rod     |       |       |       |       |       |     6 ||     6
         Condenser vane    |       |       |       |       |       |     3 ||     3
    Use: Scroll            |     4 |     6 |    13 |     5 |    20 |    11 ||    59
         Potion            |       |       |     5 |     6 |    24 |    22 ||    57
   Stab: Distracted        |     1 |     1 |       |     5 |     6 |     7 ||    20
         Sleeping          |     4 |     1 |     4 |     1 |       |     3 ||    13
         Invisible         |       |       |     3 |       |       |       ||     3
         Paralysed         |       |       |       |       |    35 |    16 ||    51
         Petrified         |       |       |       |       |     6 |       ||     6
         Petrifying        |       |       |       |       |     1 |       ||     1
 Armour: Skin              |     8 |    16 |    44 |    78 |   175 |   186 ||   507
  Dodge: Dodged            |    27 |    35 |   138 |   166 |   601 |   475 ||  1442
   Form: Beast             |       |     1 |       |       |       |       ||     1

Table legend: (Time is in decaauts)
 A = Elapsed time spent in this place.
 B = Non-inter-level travel time spent in this place.
 C = Inter-level travel time spent in this place.
 D = Time resting spent in this place.
 E = Time spent auto-exploring this place.
 F = Levels seen in this place.
 G = Mean time per level.
                   A        B        C        D        E       F      G
               +--------+--------+--------+--------+--------+-----+--------+
         Total |  56171 |  52110 |   4061 |  14812 |  25346 |  33 | 1702.2 |
       Dungeon |  23179 |  21187 |   1992 |   4051 |  13051 |  15 | 1545.3 |
        Temple |     16 |      1 |     15 |      0 |      0 |   1 |   16.0 |
          Lair |  11055 |  10045 |   1010 |   2441 |   5387 |   5 | 2211.0 |
        Shoals |   8730 |   8366 |    364 |   3363 |   2951 |   4 | 2182.5 |
   Spider Nest |   7825 |   7380 |    445 |   2769 |   2618 |   4 | 1956.2 |
  Orcish Mines |   3247 |   3013 |    234 |   1228 |   1012 |   2 | 1623.5 |
       Ossuary |    742 |    742 |      0 |    212 |    124 |   1 |  742.0 |
      Ice Cave |   1372 |   1372 |      0 |    747 |    202 |   1 | 1372.0 |
               +--------+--------+--------+--------+--------+-----+--------+

Top non-repeatable levels by time:
  Lair:5: 3839 daAuts
Shoals:3: 3403 daAuts
Spider:1: 3273 daAuts
    D:14: 2590 daAuts
     D:8: 2441 daAuts
    D:15: 2196 daAuts
Shoals:1: 2103 daAuts
Shoals:2: 2081 daAuts
Spider:2: 1992 daAuts
    D:13: 1949 daAuts
    D:11: 1921 daAuts
  Lair:3: 1908 daAuts
  Lair:2: 1899 daAuts
Spider:3: 1870 daAuts
   Orc:1: 1828 daAuts
